[Event "ICC tourney 2049 (75 10)"]
[Site "Internet Chess Club"]
[Date "2020.10.10"]
[Round "2"]
[White "pawnpush202044"]
[Black "DanielA1926"]
[Result "1-0"]
[ICCResult "Black checkmated"]
[WhiteElo "1955"]
[BlackElo "1521"]
[Opening "King's Indian: 6.Be2"]
[ECO "E91"]
[NIC "KI.19"]
[Time "11:01:49"]
[TimeControl "4500+10"]

1. c4 g6 2. d4 Bg7 3. Nf3 Nf6 4. Nc3 O-O 5. e4 d6 6. Be2 Bg4 7. O-O c5 8.
Be3 Bxf3 9. Bxf3 cxd4 10. Bxd4 Nc6 11. Be3 Nd7 12. Rc1 Nb6 13. b3 e6 14. c5
dxc5 15. Bxc5 Qxd1 16. Rfxd1 Rfd8 17. Nb5 Rxd1+ 18. Rxd1 Ne5 19. Be2 Nbd7
20. Bxa7 b6 21. f4 Nc6 22. Rxd7 Nxa7 23. Nxa7 b5 24. Bxb5 Rxa7 25. Rxa7 Bd4+
26. Kf1 Bxa7 27. Ke2 Bg1 28. h3 Bh2 29. Kf3 Kf8 30. g3 Bg1 31. b4 Ke7 32. a4
Bd4 33. Bc6 Kd6 34. b5 Bb6 35. g4 Kc5 36. f5 e5 37. Be8 gxf5 38. gxf5 f6 39.
Kg4 Kd4 40. Bc6 Ke3 41. h4 Kf2 42. Kh5 Kg3 43. Be8 Bc7 44. Bg6 hxg6+ 45.
fxg6 f5 46. g7 fxe4 47. g8=Q+ Kf2 48. Qf7+ Ke1 49. Qxc7 e3 50. Qxe5 e2 51.
Qxe2+ Kxe2 52. b6 Kf1 53. b7 Kg1 54. b8=Q Kf1 55. Qb2 Ke1 56. Kg4 Kd1 57.
Kf3 Ke1 58. Qe2# {Black checkmated} 1-0

[Event "ICC tourney 2049 (75 10)"]
[Site "Internet Chess Club"]
[Date "2020.10.10"]
[Round "2"]
[White "jairam09"]
[Black "Gold-Finch123"]
[Result "0-1"]
[ICCResult "White checkmated"]
[WhiteElo "1807"]
[BlackElo "1803"]
[Opening "Queen's pawn game"]
[ECO "D04"]
[NIC "QP.06"]
[Time "11:02:42"]
[TimeControl "4500+10"]

1. d4 Nf6 2. Nf3 d5 3. e3 c5 4. b3 Nc6 5. Bb2 Bf5 6. a3 e6 7. Be2 Rc8 8. O-O
Bd6 9. Nbd2 Ne4 10. Rc1 O-O 11. Ne5 cxd4 12. Nxc6 Rxc6 13. exd4 Bf4 14. Nxe4
Bxc1 15. Bxc1 Bxe4 16. Bd3 Bxd3 17. Qxd3 Qc7 18. Qf3 Rxc2 19. Bf4 Qc3 20.
Qg4 Qxd4 21. Qg5 h6 22. Qg3 Rc3 23. Be3 Qd3 24. Qg4 Qe4 25. Qd1 Rfc8 26. Re1
Rd3 27. Qb1 Rcc3 28. Bxh6 Rxb3 29. Qc1 Rdc3 30. Qd1 Qf5 31. Bd2 Rb2 32. Be3
Rxe3 33. Rf1 Ree2 34. Qd4 Rxf2 35. Rxf2 Rb1+ 36. Rf1 Qxf1# {White
checkmated} 0-1

[Event "ICC tourney 2049 (75 10)"]
[Site "Internet Chess Club"]
[Date "2020.10.10"]
[Round "2"]
[White "IndianTerritory"]
[Black "greenninja"]
[Result "1-0"]
[ICCResult "Black resigns"]
[WhiteElo "2087"]
[BlackElo "1947"]
[Opening "Sicilian: Najdorf, Byrne (English) attack"]
[ECO "B90"]
[NIC "SI.14"]
[Time "11:02:29"]
[TimeControl "4500+10"]

1. e4 c5 2. Nf3 d6 3. d4 cxd4 4. Nxd4 Nf6 5. Nc3 a6 6. Be3 e5 7. Nb3 Be6 8.
Qd2 Nbd7 9. f3 b5 10. a4 b4 11. Nd5 Bxd5 12. exd5 Nb6 13. Bxb6 Qxb6 14. a5
Qb7 15. Bc4 Be7 16. Ra4 Rb8 17. Qd3 O-O 18. Bxa6 Qxd5 19. Qxd5 Nxd5 20. Bd3
Nc7 21. O-O d5 22. a6 Ra8 23. Re1 f6 24. a7 Ne6 25. Ra5 Rfc8 26. Bf5 Rc6 27.
Kf1 Nc5 28. Rea1 Nxb3 29. cxb3 Rc7 30. Be6+ Kf8 31. Bxd5 Rcc8 32. Bxa8 Rxa8
33. Rb5 Bd6 34. Rb6 Bc7 35. Rb7 Bd6 36. Rb6 Ke7 37. Rb7+ Kf8 38. Ra6
{Black resigns}
1-0

[Event "ICC tourney 2049 (75 10)"]
[Site "Internet Chess Club"]
[Date "2020.10.10"]
[Round "2"]
[White "chesslead"]
[Black "Heliosis"]
[Result "1/2-1/2"]
[ICCResult "Game drawn by mutual agreement"]
[WhiteElo "2077"]
[BlackElo "1876"]
[Opening "Giuoco Pianissimo"]
[ECO "C55"]
[NIC "IG.01"]
[Time "11:01:55"]
[TimeControl "4500+10"]

1. e4 e5 2. Nf3 Nc6 3. Bc4 Nf6 4. d3 Bc5 5. O-O d6 6. c3 a6 7. Nbd2 Ba7 8.
Bb3 O-O 9. h3 h6 10. Re1 Be6 11. Nf1 Ne7 12. Ng3 Ng6 13. d4 Re8 14. Be3 exd4
15. Nxd4 Bxb3 16. Qxb3 c5 17. Ndf5 b5 18. Red1 c4 19. Qc2 Bxe3 20. Nxe3 Ne5
21. b3 Qc7 22. Nd5 Nxd5 23. exd5 Nd3 24. a4 Qc5 25. axb5 axb5 26. Rxa8 Rxa8
27. Nf5 Re8 28. bxc4 bxc4 29. Rb1 Qxd5 30. Rb8 Qe6 31. Rxe8+ Qxe8 32. Ne3 d5
33. Qa2 Qc6 34. Qa5 Qf6 35. Qa8+ Kh7 36. Qxd5 Qxf2+ 37. Kh1 Qxe3 38. Qf5+
{Game drawn by mutual agreement}
1/2-1/2

[Event "ICC tourney 2049 (75 10)"]
[Site "Internet Chess Club"]
[Date "2020.10.10"]
[Round "2"]
[White "Kausy"]
[Black "Arshshah"]
[Result "0-1"]
[ICCResult "White checkmated"]
[WhiteElo "1722"]
[BlackElo "1952"]
[Opening "Sicilian: Pin variation (Sicilian counter-attack)"]
[ECO "B41"]
[NIC "SI.41"]
[Time "11:02:06"]
[TimeControl "4500+10"]

1. e4 c5 2. Nf3 e6 3. d4 cxd4 4. Nxd4 Nf6 5. Nc3 Bb4 6. Qd3 Nc6 7. Nxc6 bxc6
8. e5 Nd5 9. Bd2 Qc7 10. Qg3 O-O 11. Bh6 g6 12. Bxf8 Bxf8 13. Be2 Bg7 14. f4
Rb8 15. Rb1 d6 16. exd6 Qa5 17. O-O Qb6+ 18. Kh1 Nxc3 19. d7 Bxd7 20. Qd3
Nxb1 21. Qxd7 Qxb2 22. Qxc6 Nc3 23. Bd3 Qxa2 24. Qc7 Rb1 25. Qc8+ Bf8 26.
Qxc3 Rxf1+ 27. Bxf1 a5 28. h3 a4 29. Bc4 Qb1+ 30. Kh2 a3 31. Qb3 Qd1 32. f5
a2 33. Qxa2 Bd6+ 34. g3 Qd2+ 35. Kg1 Bc5+ 36. Kh1 Qe1+ 37. Kg2 Qf2+ 38. Kh1
Qg1# {White checkmated} 0-1

[Event "ICC tourney 2049 (75 10)"]
[Site "Internet Chess Club"]
[Date "2020.10.10"]
[Round "2"]
[White "Yooper"]
[Black "KnightowlCul8r"]
[Result "1-0"]
[ICCResult "Black resigns"]
[WhiteElo "2022"]
[BlackElo "1869"]
[Opening "English opening"]
[ECO "A10"]
[NIC "EO.18"]
[Time "11:02:11"]
[TimeControl "4500+10"]

1. c4 g6 2. g3 Bg7 3. Bg2 Nc6 4. Nc3 d6 5. e4 e5 6. Nge2 Nge7 7. O-O O-O 8.
d3 f5 9. Be3 f4 10. gxf4 exf4 11. Bxf4 Nd4 12. Qd2 Nec6 13. f3 Qh4 14. Bg5
Nxf3+ 15. Bxf3 Qh3 16. Bg2 Qg4 17. Rxf8+ Bxf8 18. Nd5 Bg7 19. Nf6+ Bxf6 20.
Bxf6 Ne5 21. Rf1 Bd7 22. Qh6 {Black resigns} 1-0

[Event "ICC tourney 2049 (75 10)"]
[Site "Internet Chess Club"]
[Date "2020.10.10"]
[Round "2"]
[White "vikram251107"]
[Black "PearsonH"]
[Result "1-0"]
[ICCResult "Black resigns"]
[WhiteElo "2015"]
[BlackElo "1763"]
[Opening "French: exchange variation"]
[ECO "C01"]
[NIC "FR.01"]
[Time "11:01:54"]
[TimeControl "4500+10"]

1. e4 e6 2. d4 d5 3. exd5 exd5 4. Bd3 Bd6 5. Ne2 Nf6 6. h3 O-O 7. Nd2 Re8 8.
O-O Ne4 9. Nf3 c6 10. c3 Qc7 11. Qc2 Nd7 12. c4 Ndf6 13. c5 Bf8 14. Bf4 Qd8
15. Ne5 Nd7 16. Bxe4 dxe4 17. Nc4 Nf6 18. Bd6 Be6 19. Bxf8 Bxc4 20. Qxc4
Rxf8 21. Nc3 Re8 22. Rfe1 Qe7 23. Re3 Qe6 24. Qxe6 Rxe6 25. Rae1 Rae8 26. b4
Nd5 27. Nxd5 cxd5 28. Ra3 a6 29. Rb1 f5 30. b5 e3 31. fxe3 Rxe3 32. Ra5 Rd3
33. c6 bxc6 34. bxa6 {Black resigns} 1-0

[Event "ICC tourney 2049 (75 10)"]
[Site "Internet Chess Club"]
[Date "2020.10.10"]
[Round "2"]
[White "Singireddy"]
[Black "dzchess01"]
[Result "1-0"]
[ICCResult "Black checkmated"]
[WhiteElo "2119"]
[BlackElo "1886"]
[Opening "Sicilian: Alapin's variation (2.c3)"]
[ECO "B22"]
[NIC "SI.47"]
[Time "11:01:51"]
[TimeControl "4500+10"]

1. e4 c5 2. c3 Nf6 3. e5 Nd5 4. d4 cxd4 5. cxd4 e6 6. Nf3 d6 7. Nc3 Nxc3 8.
bxc3 Qc7 9. Bd2 Nd7 10. exd6 Bxd6 11. Bd3 b6 12. O-O Nf6 13. Rc1 O-O 14. Re1
Bb7 15. Ne5 g6 16. Bh6 Rfc8 17. h3 Bxe5 18. Rxe5 Nd7 19. Re3 e5 20. Qg4 Re8
21. Rce1 e4 22. Bc2 f5 23. Qg5 Qd8 24. Bb3+ Kh8 25. Qg3 Qf6 26. f3 Rac8 27.
Bc2 Qf7 28. fxe4 Qxa2 29. Qd6 Bc6 30. d5 Bb5 31. exf5 Rxe3 32. Bxe3 Qxc2 33.
Bd4+ Kg8 34. Qe6+ Kf8 35. Qe7+ Kg8 36. Qg7# {Black checkmated} 1-0

[Event "ICC tourney 2049 (75 10)"]
[Site "Internet Chess Club"]
[Date "2020.10.10"]
[Round "2"]
[White "python0812"]
[Black "ryanwang"]
[Result "0-1"]
[ICCResult "White resigns"]
[WhiteElo "2022"]
[BlackElo "1866"]
[Opening "Sicilian defense"]
[ECO "B33"]
[NIC "SI.32"]
[Time "11:02:42"]
[TimeControl "4500+10"]

1. e4 c5 2. Nf3 Nc6 3. d4 cxd4 4. Nxd4 Nf6 5. f3 e5 6. Nb5 d6 7. c4 a6 8.
N5a3 Be7 9. Nc3 Be6 10. Bg5 O-O 11. Bxf6 Bxf6 12. Nc2 Bh4+ 13. g3 Bg5 14. h4
Bh6 15. g4 f6 16. Nd5 Ne7 17. Nce3 Nxd5 18. Nxd5 Qa5+ 19. b4 Qa3 20. Nc7
Qxb4+ 21. Kf2 Qc5+ 22. Kg2 Qxc7 23. Qd3 Rac8 24. Rd1 Bxc4 25. Qxd6 Qxd6 26.
Rxd6 Bxf1+ 27. Rxf1 Rfd8 28. Rb6 Rc2+ 29. Kh3 Rd7 30. Rg1 Be3 31. Rgb1 Bxb6
{White resigns}
0-1

[Event "ICC tourney 2049 (75 10)"]
[Site "Internet Chess Club"]
[Date "2020.10.10"]
[Round "2"]
[White "sirking2800"]
[Black "kwen2008"]
[Result "1-0"]
[ICCResult "Black resigns"]
[WhiteElo "2011"]
[BlackElo "1728"]
[Opening "Ruy Lopez: Möller defense"]
[ECO "C78"]
[NIC "RL.12"]
[Time "11:02:02"]
[TimeControl "4500+10"]

1. e4 e5 2. Nf3 Nc6 3. Bb5 a6 4. Ba4 Nf6 5. O-O Bc5 6. Nxe5 Nxe5 7. d4 Bxd4
8. Qxd4 Nc6 9. Qc3 b5 10. Bb3 O-O 11. Bg5 Nxe4 12. Bxd8 Nxc3 13. Bxc7 Ne2+
14. Kh1 Ned4 15. Nc3 Bb7 16. Bd6 Rfe8 17. Nd5 Re2 18. Nc7 Rc8 19. Rae1 Rxe1
20. Rxe1 Nxb3 21. axb3 h6 22. Nd5 Kh7 23. Nb6 Rg8 24. Bc5 d6 25. Bxd6 Nd4
26. c3 Nxb3 27. h3 Rd8 28. Bf4 Nc5 29. Re7 Kg6 30. Be3 Rd1+ 31. Kh2 Bxg2 32.
Kxg2 Nd3 33. Rd7 Nxb2 34. Rxd1 Nxd1 35. c4 bxc4 36. Nxc4 Nc3 37. Nd6 Nd5 38.
Nb7 f5 39. Bd2 Kf6 40. Nc5 Nc7 41. Bc3+ Kf7 42. Be5 Nd5 43. Nxa6 g5 44. Nc5
h5 45. Bb2 h4 46. Nd3 Ke6 47. Kf3 Nf6 48. Nc5+ Kf7 49. Bxf6 Kxf6 50. Nd7+
Kg6 51. Ke3 Kh5 52. f3 Kg6 53. f4 g4 54. Ne5+ Kh5 55. Kf2 gxh3 56. Kg1 Kh6
57. Kh2 Kg7 58. Kxh3 Kf6 59. Kxh4 Ke6 60. Kg5 Kd5 61. Kxf5 {Black resigns}
1-0

[Event "ICC tourney 2049 (75 10)"]
[Site "Internet Chess Club"]
[Date "2020.10.10"]
[Round "2"]
[White "Almanac2050"]
[Black "sanjayselvam"]
[Result "1-0"]
[ICCResult "Black checkmated"]
[WhiteElo "1783"]
[BlackElo "1902"]
[Opening "Alekhine's defense: Scandinavian variation"]
[ECO "B02"]
[NIC "AL.10"]
[Time "11:02:28"]
[TimeControl "4500+10"]

1. e4 Nf6 2. Nc3 d5 3. exd5 Nxd5 4. Nxd5 Qxd5 5. Qf3 Qe5+ 6. Qe3 Qxe3+ 7.
fxe3 g6 8. Nf3 Bg7 9. c3 O-O 10. Be2 Nc6 11. O-O e5 12. d4 Ne7 13. Bc4 h6
14. Nxe5 Bxe5 15. dxe5 Nc6 16. e4 Nxe5 17. Bb3 Kg7 18. Bf4 Nd3 19. Bxc7 Bg4
20. Bd6 Be2 21. Bxf8+ Rxf8 22. Rfb1 f5 23. exf5 Rxf5 24. Bc2 Rg5 25. Bxd3
Bxd3 26. Re1 Rb5 27. b3 h5 28. Re7+ Kf6 29. Rae1 Rb6 30. R7e3 Bf5 31. Rd1
Ra6 32. Rd2 Rc6 33. c4 Kg5 34. g3 Kf6 35. Re1 a6 36. Rd8 Kg5 37. Rb8 b5 38.
cxb5 axb5 39. Rxb5 Rc2 40. a4 Kg4 41. Rb4+ Kh3 42. Rh4# {Black checkmated}
1-0

[Event "ICC tourney 2049 (75 10)"]
[Site "Internet Chess Club"]
[Date "2020.10.10"]
[Round "2"]
[White "tigertiger2019"]
[Black "rockinroll"]
[Result "1-0"]
[ICCResult "Black checkmated"]
[WhiteElo "1682"]
[BlackElo "1782"]
[Opening "QGD Slav: 4.Nc3"]
[ECO "D15"]
[NIC "SL.03"]
[Time "11:01:55"]
[TimeControl "4500+10"]

1. Nf3 d5 2. c4 c6 3. d4 Nf6 4. Nc3 Bf5 5. Bf4 e6 6. e3 Bb4 7. cxd5 exd5 8.
Qb3 Qb6 9. a3 Bxc3+ 10. Qxc3 a5 11. Nh4 Ne4 12. Qc1 Bg6 13. Nxg6 hxg6 14.
Bd3 g5 15. Be5 Nf6 16. Bxf6 gxf6 17. Qd2 Nd7 18. Rb1 Qc7 19. g3 Nb6 20. b4
Nc8 21. b5 Nd6 22. bxc6 bxc6 23. Rc1 g4 24. Qc2 Rc8 25. Bf5 Nxf5 26. Qxf5
Ke7 27. Qxg4 Qd6 28. Rc5 Rb8 29. O-O Rb5 30. Rfc1 Rxc5 31. Rxc5 a4 32. Qf5
Rb8 33. Qc2 Qe6 34. Rxc6 Qh3 35. Rc7+ Kf8 36. Rxf7+ Kg8 37. Qg6+ Kh8 38.
Qg7# {Black checkmated} 1-0

[Event "ICC tourney 2049 (75 10)"]
[Site "Internet Chess Club"]
[Date "2020.10.10"]
[Round "2"]
[White "mopaska1106"]
[Black "challenger2010"]
[Result "0-1"]
[ICCResult "White resigns"]
[WhiteElo "1953"]
[BlackElo "2149"]
[Opening "King's Indian: Makagonov system (5.h3)"]
[ECO "E71"]
[NIC "KI.20"]
[Time "11:02:42"]
[TimeControl "4500+10"]

1. d4 Nf6 2. c4 g6 3. Nc3 Bg7 4. e4 d6 5. h3 O-O 6. Nf3 c5 7. d5 e6 8. dxe6
Bxe6 9. Bd3 Nc6 10. O-O a6 11. Bf4 Nh5 12. Bh2 Na5 13. Qe2 Qb6 14. Rab1 Rad8
15. g4 Nf6 16. Nd2 h5 17. f4 hxg4 18. f5 gxf5 19. exf5 Bd7 20. hxg4 Rfe8 21.
Qg2 Bc6 22. Qh3 Rd7 23. g5 Qd8 24. Bf4 d5 25. cxd5 Nxd5 26. f6 Nxf6 27. Bf5
Rxd2 28. Bxd2 Qxd2 29. gxf6 Bxf6 30. Bh7+ Kf8 31. Rxf6 Qg5+ 32. Kh2 Qxf6 33.
Rf1 Qe5+ 34. Kg1 Qg5+ 35. Kh2 Re3 36. Qc8+ Be8 37. Be4 Qh4+ 38. Kg1 Rg3+ 39.
Bg2 Qd4+ 40. Rf2 Nc6 {White resigns} 0-1

[Event "ICC tourney 2049 (75 10)"]
[Site "Internet Chess Club"]
[Date "2020.10.10"]
[Round "2"]
[White "AJ2000"]
[Black "goodcrowdchess"]
[Result "1-0"]
[ICCResult "Black checkmated"]
[WhiteElo "1651"]
[BlackElo "1591"]
[Opening "Ruy Lopez: closed, Chigorin defense"]
[ECO "C97"]
[NIC "RL.23"]
[Time "11:02:12"]
[TimeControl "4500+10"]

1. e4 e5 2. Nf3 Nc6 3. Bb5 a6 4. Ba4 Nf6 5. O-O Be7 6. Re1 b5 7. Bb3 d6 8.
c3 O-O 9. h3 Na5 10. Bc2 c5 11. d4 Qc7 12. d5 c4 13. Be3 Nb7 14. Nbd2 Nc5
15. Bxc5 Qxc5 16. a4 Bd7 17. Nf1 Rfb8 18. Re2 b4 19. g4 h5 20. g5 Nh7 21. h4
Qc8 22. Ne3 Bg4 23. Rd2 f6 24. Nf5 Bxf5 25. exf5 fxg5 26. hxg5 Nxg5 27. Nxg5
Bxg5 28. f4 Bxf4 29. Rg2 Ra7 30. Qxh5 Qc5+ 31. Kh1 Qxd5 32. f6 Rbb7 33. Qe8#
{Black checkmated}
1-0

[Event "ICC tourney 2049 (75 10)"]
[Site "Internet Chess Club"]
[Date "2020.10.10"]
[Round "2"]
[White "GutsyEdge"]
[Black "CARTERD253"]
[Result "1-0"]
[ICCResult "Black resigns"]
[WhiteElo "1981"]
[BlackElo "2121"]
[Opening "QGD Slav: exchange, Trifunovic variation"]
[ECO "D14"]
[NIC "SL.02"]
[Time "11:02:16"]
[TimeControl "4500+10"]

1. d4 d5 2. c4 c6 3. cxd5 cxd5 4. Nf3 Nf6 5. Nc3 Nc6 6. Bf4 Bf5 7. e3 e6 8.
Qb3 Bb4 9. Bb5 Qa5 10. Bxc6+ bxc6 11. O-O O-O 12. Ne5 Rac8 13. Rac1 c5 14.
dxc5 Bxc5 15. Na4 Ne4 16. Nd7 Rfd8 17. Ndxc5 Nxc5 18. Nxc5 Rxc5 19. Qb7 Bc2
20. b4 Qb5 21. Qe7 {Black resigns} 1-0

[Event "ICC tourney 2049 (75 10)"]
[Site "Internet Chess Club"]
[Date "2020.10.10"]
[Round "2"]
[White "Baseballchamp"]
[Black "andrewf2009"]
[Result "1-0"]
[ICCResult "Black resigns"]
[WhiteElo "2014"]
[BlackElo "1749"]
[Opening "French: Rubinstein variation"]
[ECO "C03"]
[NIC "FR.07"]
[Time "11:01:55"]
[TimeControl "4500+10"]

1. e4 e6 2. d4 d5 3. Nd2 dxe4 4. Nxe4 Nd7 5. Nf3 Ngf6 6. Nxf6+ Nxf6 7. c3 c5
8. Ne5 cxd4 9. Bb5+ Bd7 10. Nxd7 Nxd7 11. Qxd4 a6 12. Ba4 b5 13. Bc2 Nf6 14.
Qh4 Be7 15. Qg3 Bd6 16. Qf3 O-O 17. Bg5 h6 18. Bh4 Rc8 19. O-O Rc4 20. Bxf6
Qxf6 21. Qd3 Rd8 22. Qh7+ Kf8 23. Rad1 Rh4 24. g3 Rh5 25. Qe4 Re5 26. Qc6
Rc5 27. Qb6 Qe7 28. Rd2 Qd7 29. Rfd1 Rc6 30. Qe3 Qc7 31. Qe4 Rc4 32. Qh7 b4
33. Qh8+ Ke7 34. Qxg7 bxc3 35. Bg6 Rf8 36. Rxd6 c2 37. Rd7+ Qxd7 38. Rxd7+
Kxd7 39. Bxc2 Ke7 40. Bb3 Rc1+ 41. Kg2 a5 42. Qxh6 Rc6 43. Qg5+ Kd6 44. Qxa5
Rc5 45. Qb4 Rc8 46. h4 Kd7 47. Ba4+ Ke7 48. h5 Kf6 49. Qf4+ Rf5 50. Qd4+ e5
51. Qd6+ Kg7 52. h6+ Kh7 53. Qd7 {Black resigns} 1-0

[Event "ICC tourney 2049 (75 10)"]
[Site "Internet Chess Club"]
[Date "2020.10.10"]
[Round "2"]
[White "Chessking2008"]
[Black "arya2"]
[Result "1-0"]
[ICCResult "Black resigns"]
[WhiteElo "2179"]
[BlackElo "1959"]
[Opening "English: Mikenas-Carls variation"]
[ECO "A18"]
[NIC "EO.57"]
[Time "11:02:14"]
[TimeControl "4500+10"]

1. c4 Nf6 2. Nc3 e6 3. e4 d5 4. cxd5 exd5 5. e5 d4 6. exf6 dxc3 7. Bb5+ c6
8. Qe2+ Be6 9. Bc4 Qxf6 10. dxc3 Be7 11. Bxe6 Qxe6 12. Qxe6 fxe6 13. Nf3 O-O
14. O-O Nd7 15. Re1 Nc5 16. Be3 Nd3 17. Re2 e5 18. Rd1 Rfd8 19. Kf1 Bf6 20.
Bg5 Kf7 21. Bxf6 gxf6 22. Red2 e4 23. Ne1 Ke6 24. Nxd3 exd3 25. Rxd3 Rxd3
26. Rxd3 Rg8 27. f3 Rg5 28. Kf2 a5 29. b3 a4 30. b4 c5 31. a3 cxb4 32. cxb4
h5 33. f4 Rg7 34. Kf3 Rc7 35. h3 f5 36. Kg3 Rg7+ 37. Kf2 Rc7 38. Kf3 Rg7 39.
Rc3 Rd7 40. Re3+ Kf6 41. Ke2 Rc7 42. Kd2 Rg7 43. g3 h4 44. gxh4 Rh7 45. Kd3
Rxh4 46. Rf3 Ke6 47. Kc4 Kd6 48. Kd4 b5 49. Rd3 Rh8 50. Ke3+ Ke6 51. Kf2 Rc8
52. h4 Rc1 53. Kg2 Rc2+ 54. Kg3 Rc1 55. h5 Rh1 56. Rc3 Rxh5 57. Rc5 Rh1 58.
Rxb5 Ra1 59. Re5+ Kf6 60. Re3 Rb1 61. Kf2 Rb2+ 62. Kf3 Rh2 63. Rd3 Ra2 64.
Ke3 Ke6 65. Kd4 Rc2 66. Rc3 Rf2 67. Kc5 Rxf4 68. Kc6 Rd4 69. b5 f4 70. b6
Rd6+ 71. Kc7 Rd7+ 72. Kc8 {Black resigns} 1-0

[Event "ICC tourney 2049 (75 10)"]
[Site "Internet Chess Club"]
[Date "2020.10.10"]
[Round "2"]
[White "qiaoqiaoszx"]
[Black "adchess"]
[Result "1/2-1/2"]
[ICCResult "Game drawn by mutual agreement"]
[WhiteElo "2131"]
[BlackElo "1980"]
[Opening "Ruy Lopez: closed, 7...O-O"]
[ECO "C88"]
[NIC "RL.17"]
[Time "11:01:56"]
[TimeControl "4500+10"]

1. e4 e5 2. Nf3 Nc6 3. Bb5 a6 4. Ba4 Nf6 5. O-O b5 6. Bb3 Be7 7. Re1 O-O 8.
h3 Bb7 9. d3 d6 10. c3 Qd7 11. Nbd2 Na5 12. Bc2 c5 13. Nf1 Nc6 14. Ng3 h6
15. Nf5 Bd8 16. d4 cxd4 17. cxd4 exd4 18. N3xd4 Ne5 19. Nf3 Rc8 20. Nxe5
dxe5 21. Qxd7 Nxd7 22. Bb3 Nc5 23. Nd6 Rc7 24. Nxb7 Rxb7 25. Bd5 Rd7 26. Be3
Na4 27. Re2 Bb6 28. Rc1 Bxe3 29. fxe3 Nb6 {Game drawn by mutual agreement}
1/2-1/2

[Event "ICC tourney 2049 (75 10)"]
[Site "Internet Chess Club"]
[Date "2020.10.10"]
[Round "2"]
[White "Bearbarion"]
[Black "karuto2006"]
[Result "1-0"]
[ICCResult "Black resigns"]
[WhiteElo "2000"]
[BlackElo "1733"]
[Opening "QGD: exchange, positional line"]
[ECO "D35"]
[NIC "QO.16"]
[Time "11:02:07"]
[TimeControl "4500+10"]

1. d4 Nf6 2. c4 e6 3. Nc3 d5 4. cxd5 exd5 5. Bg5 Be7 6. e3 O-O 7. Bd3 h6 8.
Bh4 b6 9. Nge2 Bb7 10. Qc2 Nbd7 11. O-O Rc8 12. Rad1 c5 13. Bf5 Rb8 14. Bg3
Ra8 15. dxc5 Nxc5 16. Nb5 Ne6 17. Bxe6 fxe6 18. Ned4 Qd7 19. Qc7 Ba6 20. a4
Kf7 21. Rc1 Rfc8 22. Qe5 Bc5 23. Rfd1 Bxb5 24. Nxb5 a6 25. Nd4 Rd8 26. Nf3
Rac8 27. Qf4 Bd6 28. Qxd6 Qxd6 29. Bxd6 Rxc1 30. Rxc1 Rxd6 31. Ne5+ Kg8 32.
g4 Ne4 33. h4 g5 34. h5 d4 35. f3 Nc5 36. exd4 Rxd4 37. a5 Rd5 38. Ng6 Kf7
39. axb6 a5 40. b7 Na6 41. Rc7+ Kf6 42. Rc6 Rb5 43. Rxa6 Rxb7 44. Rxa5 Rxb2
45. Ra6 Re2 46. Kf1 Rb2 47. Nf8 Rb1+ 48. Kf2 Rb2+ 49. Kg3 Re2 50. Nd7+ Ke7
51. Nc5 Kf7 52. Ne4 e5 53. Rxh6 {Black resigns} 1-0

[Event "ICC tourney 2049 (75 10)"]
[Site "Internet Chess Club"]
[Date "2020.10.10"]
[Round "2"]
[White "Randomdude21"]
[Black "Danifrani"]
[Result "0-1"]
[ICCResult "White checkmated"]
[WhiteElo "1757"]
[BlackElo "2077"]
[Opening "Sicilian: closed"]
[ECO "B23"]
[NIC "SI.44"]
[Time "11:02:09"]
[TimeControl "4500+10"]

1. e4 c5 2. Nc3 a6 3. f4 e6 4. Nf3 d5 5. d3 Nc6 6. g3 g6 7. Bg2 Bg7 8. O-O
Nge7 9. Qe1 O-O 10. a3 Nd4 11. Nxd4 cxd4 12. Ne2 dxe4 13. dxe4 Bd7 14. g4
Rc8 15. e5 Bc6 16. Bxc6 Nxc6 17. Qg3 Qb6 18. Qd3 Qc5 19. Bd2 g5 20. Rf3 gxf4
21. Rh3 f5 22. exf6 Rxf6 23. Qxh7+ Kf7 24. Rh5 Ne5 25. Qe4 d3+ 26. Nd4 Qxd4+
27. Qxd4 Nf3+ 28. Kg2 Nxd4 29. Bc3 Nxc2 30. Rg1 Rg6 31. Kf3 Bxc3 32. bxc3
Rxc3 33. g5 Nd4+ 34. Ke4 d2 35. Rb1 b5 36. Rd1 Nb3 37. Rf1 Rc1 38. Rxf4+ Kg7
39. Rfh4 Rc4+ 40. Ke5 Rxh4 41. Rxh4 d1=Q 42. a4 Qd5+ 43. Kf4 Qxg5+ 44. Ke4
Qxh4+ 45. Ke5 Qxh2+ 46. Ke4 Qh5 47. a5 Rg4+ 48. Kd3 Qh3+ 49. Kc2 Rg2+ 50.
Kb1 Qh1# {White checkmated} 0-1

[Event "ICC tourney 2049 (75 10)"]
[Site "Internet Chess Club"]
[Date "2020.10.10"]
[Round "2"]
[White "HarleyQueen8"]
[Black "kaiclc"]
[Result "1-0"]
[ICCResult "Black resigns"]
[WhiteElo "1879"]
[BlackElo "2000"]
[Opening "Benkö gambit: main line"]
[ECO "A58"]
[NIC "BI.41"]
[Time "11:01:54"]
[TimeControl "4500+10"]

1. d4 Nf6 2. c4 c5 3. d5 b5 4. cxb5 a6 5. bxa6 g6 6. Nc3 Bxa6 7. e4 Bxf1 8.
Kxf1 d6 9. g3 Bg7 10. Kg2 O-O 11. Nf3 Nbd7 12. Bf4 Qa5 13. Qc2 Rfb8 14. Rab1
Ne8 15. Rhc1 Nc7 16. Bd2 Nb6 17. b3 Bxc3 18. Bxc3 Qxa2 19. Rb2 Qa3 20. Qd2
Nb5 21. Qh6 e5 22. Ng5 Rb7 23. Qxh7+ Kf8 24. Rbb1 Qa7 25. Ra1 Qb8 26. Ba5
Qe8 27. Bxb6 Rxa1 28. Rxa1 Rxb6 29. Ra8 {Black resigns} 1-0

[Event "ICC tourney 2049 (75 10)"]
[Site "Internet Chess Club"]
[Date "2020.10.10"]
[Round "2"]
[White "pianoboy"]
[Black "Slivovitz"]
[Result "0-1"]
[ICCResult "White resigns"]
[WhiteElo "1887"]
[BlackElo "2108"]
[Opening "Benkö gambit"]
[ECO "A57"]
[NIC "BI.46"]
[Time "11:02:20"]
[TimeControl "4500+10"]

1. d4 Nf6 2. c4 c5 3. d5 b5 4. b3 d6 5. Bb2 bxc4 6. bxc4 Nbd7 7. Nf3 g6 8.
Nbd2 Bg7 9. e4 O-O 10. Bd3 Rb8 11. Bc3 e6 12. O-O e5 13. Nb3 Nb6 14. Na5 Bd7
15. Bc2 Qc7 16. Rb1 Nh5 17. g3 Bf6 18. Bd2 Be7 19. Qe2 Ng7 20. Ne1 Na4 21.
Rb3 f5 22. Ra3 Nb6 23. f4 Bf6 24. Bc3 exf4 25. Bxf6 Rxf6 26. Rxf4 Rbf8 27.
Re3 Nxd5 28. exd5 Qxa5 29. Re7 Qd8 30. Rf3 R6f7 31. Ree3 Nh5 32. Nd3 f4 33.
Nxf4 Nxf4 34. Rxf4 Rxf4 35. gxf4 Rxf4 36. Re7 Rf7 37. Re3 Qf6 38. Bd3 Qd4
39. Kh1 Bg4 40. Qd2 Bf3+ 41. Kg1 Qg4+ 42. Kf2 Bxd5+ 43. Ke1 Qg1+ {White
resigns} 0-1

[Event "ICC tourney 2049 (75 10)"]
[Site "Internet Chess Club"]
[Date "2020.10.10"]
[Round "2"]
[White "KittiesRock18"]
[Black "xyzchessdude"]
[Result "1-0"]
[ICCResult "Black resigns"]
[WhiteElo "1582"]
[BlackElo "2010"]
[Opening "Sicilian: Sozin, Benkö variation"]
[ECO "B57"]
[NIC "SI.25"]
[Time "11:01:52"]
[TimeControl "4500+10"]

1. e4 c5 2. Nf3 Nc6 3. d4 cxd4 4. Nxd4 Nf6 5. Nc3 d6 6. Bc4 Qb6 7. Nxc6 bxc6
8. O-O e5 9. Bg5 Bg4 10. Qd3 Rd8 11. Rab1 Be7 12. Be3 Qc7 13. f3 Be6 14.
Bxe6 fxe6 15. Qa6 Rd7 16. Rfe1 O-O 17. a3 Qb7 18. Qa4 d5 19. exd5 exd5 20.
Bf2 Bd6 21. Bg3 Re7 22. Kh1 Nh5 23. Bf2 Nf4 24. Ne2 Ng6 25. Be3 Kh8 26. Nc3
Ref7 27. Qg4 Qc7 28. Ne2 a6 29. Ng3 Qd7 30. Qxd7 Rxd7 31. b4 Rb7 32. Rb3 Kg8
33. Rc3 Rc8 34. Nf5 Bf8 35. Bc5 Bxc5 36. Rxc5 Rb5 37. Rxe5 Rxc5 38. bxc5 Rb8
39. Re1 Rb2 40. Nd4 Kf7 41. Nxc6 Rxc2 42. Nd8+ Kf6 43. c6 d4 44. Re6+ Kf5
45. Kg1 d3 46. Rd6 d2 47. c7 Ne7 48. Kf1 d1=Q+ 49. Rxd1 Rxc7 50. Rd6 Rc8 51.
Ne6 a5 52. Nxg7+ Kf4 53. Rd7 Ng6 54. Rf7+ Ke3 55. Nf5+ Kd3 56. Rxh7 Ne5 57.
Re7 Nc4 58. h4 Nxa3 59. Re3+ Kd2 60. Rxa3 Rc5 61. g4 Kc2 62. Ne3+ Kb2 63.
Rxa5 Rxa5 64. Nc4+ {Black resigns} 1-0